 Dungeon Crawl Stone Soup version 0.23.2-30-g0e89c35649 (webtiles) character file.

Game seed: 9297293324473569931

97 pTCGFNYNwU3Fd6TS the Chiller (level 4, -6/36 HPs)
             Began as a Draconian Ice Elementalist on June 8, 2019.
             Mangled by Crazy Yiuf
             ... wielding a +2 quarterstaff of chaos
              (14 damage)
             ... on level 2 of the Dungeon.
             The game lasted 00:14:38 (2426 turns).

pTCGFNYNwU3Fd6TS the Chiller (DrIE)                 Turns: 2426, Time: 00:14:38

Health: -6/36      AC:  6    Str: 14    XL:     4   Next: 42%
Magic:  3/8        EV: 12    Int: 17    God:
Gold:   132        SH:  0    Dex: 11    Spells: 6/9 levels left

rFire    . . .     SeeInvis .   g - +4 short sword
rCold    . . .     Gourm    .   (no shield)
rNeg     . . .     Faith    .   (armour unavailable)
rPois    .         Spirit   .   (helmet restricted)
rElec    .         Reflect  .   e - +0 cloak
rCorr    .         Harm     .   (no gloves)
MR       .....                  (no boots)
Stlth    ++........             (no amulet)
HPRegen  0.12/turn              h - +4 ring of strength
MPRegen  0.11/turn              (no ring)

@: very slightly contaminated
A: unfitting armour, cold-blooded, AC +5
a: no special abilities


You were on level 2 of the Dungeon.
You were not hungry.

You visited 1 branch of the dungeon, and saw 3 of its levels.

You collected 132 gold pieces.

Inventory:

Hand Weapons
 g - a +4 short sword (weapon)
Armour
 e - a +0 cloak (worn)
Jewellery
 h - a +4 ring of strength (left hand)
Scrolls
 d - a scroll of fog
 f - a scroll of fear {unknown}
 i - a scroll of magic mapping {unknown}
 j - a scroll of noise {unknown}
 l - 3 scrolls of enchant weapon
 n - a scroll of amnesia {unknown}
 o - 2 scrolls of teleportation {unknown}
 p - a scroll of enchant armour {unknown}
 q - a scroll of remove curse {unknown}
Potions
 a - a potion of curing {unknown}
 k - 2 potions of berserk rage
 m - 2 potions of magic
 s - a potion of agility {unknown}
 t - a potion of lignification {unknown}
Comestibles
 b - 6 rations


   Skills:
 + Level 1.6 Fighting
 + Level 2.3 Dodging
 - Level 2.0 Stealth
 * Level 3.1 Spellcasting
 - Level 1.0 Conjurations
 + Level 3.5 Ice Magic


You had 6 spell levels left.
You knew the following spells:

 Your Spells              Type           Power        Failure   Level  Hunger
a - Freeze                Ice            ##..         4%          1    None
b - Throw Frost           Conj/Ice       ##....       11%         2    ##.....

Your spell library contained the following spells:

 Spells                   Type           Power        Failure   Level  Hunger
 Ozocubu's Armour         Chrm/Ice       #.......     26%         3    ###....
 Throw Icicle             Conj/Ice       ##......     56%         4    ####...
 Summon Ice Beast         Ice/Summ       #.......     63%         4    ####...


Dungeon Overview and Level Annotations

Branches:
Dungeon (3/15)

Altars:

Annotations:
D:2 Crazy Yiuf


Innate Abilities, Weirdness & Mutations

Your plain brown scales are hard. (AC +5)
You cannot fit into any form of body armour.
You are cold-blooded and may be slowed by cold attacks.


Message History

Casting: Freeze (safe; 4% risk of failure)
Confirm with . or Enter, or press ? or * to list all spells.
Aiming: Freeze (safe; 4% risk of failure)
Press: ? - help, Shift-Dir - straight line, f/p - Crazy Yiuf
Aim: Crazy Yiuf, wielding a +2 quarterstaff of chaos and wearing a +0 cloak (moderately wounded)
You freeze Crazy Yiuf.
Crazy Yiuf is heavily wounded.
Casting: Freeze (safe; 4% risk of failure)
Confirm with . or Enter, or press ? or * to list all spells.
Aiming: Freeze (safe; 4% risk of failure)
Press: ? - help, Shift-Dir - straight line, f/p - Crazy Yiuf
Aim: Crazy Yiuf, wielding a +2 quarterstaff of chaos and wearing a +0 cloak (heavily wounded)
You freeze Crazy Yiuf.
Crazy Yiuf is heavily wounded.
Crazy Yiuf hits you with a +2 quarterstaff of chaos.
* * * LOW HITPOINT WARNING * * *
Crazy Yiuf whimpers, "Hack head arm!"
Crazy Yiuf grits, "Scoff!"
Crazy Yiuf hits you with a +2 quarterstaff of chaos!
You die...

....# #.# .####
#.########### .#
#.....).....# .#
###########.# .# #.# ##
#.# #.## ♣♣♣♣♣######..##
#### ♣♣♣.♣...+.g@....#
#...#♣..♣..P....###..#
#...'.♣♣♣♣.P....# #..#
#)..#♣♣ ♣♣P.+.## #..##
#### ♣♣#### #...####
#......# #...##.#
###################.####.#
....................# #)#


You could see Crazy Yiuf.

Vanquished Creatures
  4 gnolls (D:2)
  2 adders (D:2)
  2 leopard geckos (D:1)
  A ball python (D:1)
  7 bats
  A giant cockroach (D:1)
  5 goblins
  7 hobgoblins
  4 frilled lizards (D:1)
  4 kobolds
  5 rats
42 creatures vanquished.

Notes
Turn   | Place    | Note
-------+----------+-------------------------------------------
     0 | D:1      | pTCGFNYNwU3Fd6TS the Draconian Ice Elementalist began the
                  | quest for the Orb.
     0 | D:1      | Reached XP level 1. HP: 14/14 MP: 3/3
   140 | D:1      | Reached XP level 2. HP: 9/22 MP: 0/5
   918 | D:1      | Reached XP level 3. HP: 27/27 MP: 3/6
  1290 | D:2      | Reached skill level 1 in Fighting
  1461 | D:2      | Learned a level 2 spell: Throw Frost
  1914 | D:2      | Reached XP level 4. HP: 35/35 MP: 5/8
  2380 | D:2      | Found a runed translucent door.
  2381 | D:2      | Noticed Crazy Yiuf
  2426 | D:2      | Mangled by Crazy Yiuf

Skill      XL: |  1  2  3 |
---------------+----------+-----
Dodging        | 2 |  2.3
Stealth        | 2 |  2.0
Fighting       | 1 |  1.6
Spellcasting   | 3 |  3.1
Conjurations   | |  1.0
Ice Magic      | |  3.5

Action                   |  1- 3 |  4- 6 || total
-------------------------+-------+-------++-------
Melee: Spear             |     8 |       ||     8
       Tailslap          |     3 |       ||     3
       Short sword       |     9 |     5 ||    14
 Cast: Freeze            |    49 |    13 ||    62
       Throw Frost       |     2 |     1 ||     3
  Use: Scroll            |       |     4 ||     4
  Eat: Chunk             |     4 |     1 ||     5
Armor: Skin              |    22 |       ||    22
Dodge: Dodged            |    43 |     7 ||    50
